[Event "21st Open Gran Hotel Bali-A 2024"]
[Site "Benidorm"]
[Date "2024.11.30"]
[Round "2.12"]
[White "Gonzalez Martinez, Miguel Angel"]
[Black "Domingo Nunez, Ruben"]
[Result "0-1"]
[ECO "A47"]
[WhiteElo "2158"]
[BlackElo "2409"]
[Annotator "TA"]
[PlyCount "108"]
[EventDate "2024.11.26"]
[EventType "swiss"]
[EventCountry "ESP"]
[SourceTitle "playchess.com"]
[Source "ChessBase"]
[SourceQuality "1"]
[TimeControl "5400+30"]

1. d4 Nf6 2. Nf3 b6 3. Bf4 Bb7 4. e3 Nh5 5. Bg5 h6 6. Bh4 g5 7. Ne5 Nf6 8. Bg3 d6 9. Nf3 Ne4 10. Nbd2 Nxg3 11. hxg3 Bg7 12. c3 e6 13. a4 a5 14. Qc2 Nd7 15. Nc4 (15. O-O-O $11) 15... f5 16. Bd3 Nf6 17. Ncd2 Qe7 18. e4 e5 19. Kf1 (19. O-O $14 {stays ahead.}) 19... O-O-O $1 $17 20. Re1 (20. exf5 e4 21. Bb5 exf3 22. gxf3 Kb8 $19) 20... fxe4 (20... Rhe8 $1 $17) 21. Nxe4 $11 Kb8 22. Nxf6 Bxf6 23. Kg1 (23. dxe5 $11 dxe5 24. Be4) 23... h5 ({Better is} 23... g4 $1 $17 24. Nh4 e4) 24. dxe5 $11 dxe5 25. Be4 Ba6 26. Nd2 h4 27. gxh4 gxh4 28. Bf3 $2 (28. b4 $11) 28... Bd3 $19 29. Qb3 {[%emt 0:01:32] [#]} (29. Qd1 {was forced.}) 29... h3 $1 $19 30. g3 Qd7 31. c4 Qd4 32. Be4 $2 {[%emt 0:01:19] [#]} (32. Qc3) 32... Bxe4 $2 (32... h2+ $1 $19 33. Kg2 Bg5 34. Qxd3 Qxd3 (34... Bxd2 35. Qxd4 Rxd4 36. Re2 $16) (34... Qxb2 35. Bd5 $16) 35. Bxd3 Bxd2 36. Rxe5 Rxd3) 33. Nxe4 $14 Be7 34. Kh2 Rhf8 35. Rhf1 (35. Kxh3 Rh8+ 36. Kg2 Rxh1 37. Kxh1 Bb4 $19) (35. Re2 $14) 35... Bb4 $11 36. Re2 Qd7 37. c5 Qc6 (37... b5 $11 {is more appropriate.}) 38. cxb6 $14 cxb6 39. Qe3 (39. f3 $14) 39... Rd4 $11 40. f3 Qd5 (40... Qxa4 $11 {remains equal.} 41. Nc3 Qd7) 41. Ng5 ({White should play} 41. Nc3 $16 Qc5 42. Qh6 (42. Qxe5+ Qxe5 43. Rxe5 Bxc3 $11) (42. Kxh3 Rh8+ 43. Kg2 Bxc3 $14)) 41... Bd6 42. Ne6 Rg8 (42... Qxe6 $2 {perishes.} 43. Qxd4 Bc7 44. Qe4 $18) 43. Nxd4 exd4 44. Qe6 Bxg3+ 45. Kh1 $1 Qxe6 $1 46. Rxe6 d3 $1 47. Rxb6+ Kc7 48. Rb3 d2 49. Rd1 $2 (49. Rc3+ $15 Kb6 50. f4) 49... Re8 50. Rc3+ Kb6 51. Rcc1 dxc1=Q 52. Rxc1 Re1+ 53. Rxe1 Bxe1 54. Kh2 Kc5 0-1

[Event "21st Open Gran Hotel Bali-A 2024"]
[Site "Benidorm"]
[Date "2024.11.30"]
[Round "2.13"]
[White "Gramb, Marius"]
[Black "Del Rio De Angelis, Salvador G."]
[Result "1/2-1/2"]
[ECO "B22"]
[WhiteElo "2147"]
[BlackElo "2400"]
[Annotator "TA"]
[PlyCount "84"]
[EventDate "2024.11.26"]
[EventType "swiss"]
[EventCountry "ESP"]
[SourceTitle "playchess.com"]
[Source "ChessBase"]
[SourceQuality "1"]
[TimeControl "5400+30"]

1. e4 c5 2. Nf3 e6 3. c3 d5 4. exd5 exd5 5. d4 a6 6. Be3 c4 7. g3 Bd6 8. Bg2 Ne7 9. O-O Nbc6 10. b3 b5 11. Nh4 O-O 12. a4 Be6 13. b4 Qd7 14. Re1 f6 15. f4 (15. Bf3 $11 {remains equal.}) 15... Kh8 (15... Bg4 $17 16. Bf3 Bxf3 17. Nxf3 Rfb8) 16. Nd2 Bc7 17. axb5 axb5 18. Qf3 Rad8 {[%emt 0:01:57][%cal Og7g5] ...g5! poses a challenge} 19. Bf2 Bg4 20. Qe3 Nc8 {[%emt 0:00:16][%cal Be7c8,Bc8b6,Bb6a4][%mdl 32] and ...Rfe8 would now be decisive} 21. Nf1 Nb6 22. Qd2 Na4 23. Ne3 Be6 24. f5 Bf7 25. Bf3 Ne7 (25... Bd6 $5) 26. Bd1 Nc8 27. Bc2 Rfe8 28. Neg2 Rxe1+ 29. Rxe1 Re8 30. Be3 Nd6 31. Bf4 Bb6 32. Rxe8+ Bxe8 33. Bxd6 Qxd6 34. Nf4 Bf7 35. Kf2 Kg8 36. Bb1 Qe7 37. Nhg2 Bc7 38. Bc2 Qe8 39. Bd1 (39. Ne2 $11) 39... Qd7 (39... Bxf4 $15 40. Nxf4 Qe4) 40. Bc2 (40. Bg4 $14) 40... Qe8 $11 41. Bd1 (41. h4 $11 {was preferable.}) 41... Qc8 (41... Bxf4 $15 42. gxf4 (42. Nxf4 Qe4 $17) 42... h6) 42. Bc2 Qe8 1/2-1/2

[Event "21st Open Gran Hotel Bali-A 2024"]
[Site "Benidorm"]
[Date "2024.11.30"]
[Round "2.14"]
[White "Stella, Andrea"]
[Black "Voiteanu, Gabriel"]
[Result "1-0"]
[ECO "D12"]
[WhiteElo "2398"]
[BlackElo "2132"]
[Annotator "TA"]
[PlyCount "103"]
[EventDate "2024.11.26"]
[EventType "swiss"]
[EventCountry "ESP"]
[SourceTitle "playchess.com"]
[Source "ChessBase"]
[SourceQuality "1"]
[TimeControl "5400+30"]

1. d4 d5 2. c4 c6 3. Nf3 Nf6 4. e3 Bf5 5. Nc3 e6 6. Nh4 Be4 7. f3 Bg6 8. Bd2 Nbd7 9. Nxg6 hxg6 {[%emt 0:00:06] The position is equal.} 10. Qc2 Bd6 11. O-O-O Qc7 12. cxd5 cxd5 13. Nb5 Qxc2+ 14. Kxc2 Rc8+ 15. Kb1 Bb8 16. Bb4 Nb6 17. b3 Rc6 {[%emt 0:06:55][%cal Oa7a6] Repels Nd6+} 18. h3 a6 19. Nc3 Bd6 20. Bxd6 Rxd6 21. Bd3 Rc6 22. Ne2 Ke7 23. Rc1 {[%emt 0:00:20] Threatening Rxc6.} Rhc8 24. Rxc6 Rxc6 25. Kb2 Ne8 26. h4 Nd6 27. g4 a5 28. Nf4 a4 29. g5 Nf5 (29... Nd7 $11) 30. Bxf5 $16 gxf5 {[%emt 0:00:02][%mdl 4096] Endgame. KRN-KRN} 31. h5 Rc8 32. h6 (32. Nd3 $16) 32... gxh6 $1 $14 33. Rxh6 ({But not} 33. gxh6 $6 Rh8 $16) 33... axb3 34. axb3 Rg8 35. g6 fxg6 36. Nxg6+ Kd6 37. Nf4 Re8 38. Kc3 Nd7 39. Kb4 Nf8 (39... Nb6 $1 $14) 40. Rh8 $18 Ke7 41. Kb5 Kf7 42. Nd3 {[%emt 0:00:50] White is much more active.} Ra8 $2 {[%emt 0:03:41] [#]} (42... Kg7 43. Rh2 f4) 43. Ne5+ Kg7 44. Rh1 Ra3 45. Kb4 Ra2 46. Rg1+ Kh7 47. Kc5 Kh6 48. Kd6 Re2 49. Ke7 {[%emt 0:00:46] [#] White wants to mate with Nf7+.} Nh7 50. Kxe6 Rxe3 51. Kxf5 Nf8 52. Ng4+ {[%emt 0:00:06] Weighted Error Value: White=0.09 (flawless) /Black=0.41.  Mistake:       	White=1     	Black=3      Inaccurate:     	White=3     	Black=4      OK:         	White=16    	Black=12     Best:        	White=4     	Black=3      Strong:       	---       	Black=1} 1-0

[Event "21st Open Gran Hotel Bali-A 2024"]
[Site "Benidorm"]
[Date "2024.11.30"]
[Round "2.15"]
[White "Evenshaug, Amadeus Hestvik"]
[Black "Vega Gutierrez, Sabrina"]
[Result "1-0"]
[ECO "B33"]
[WhiteElo "2132"]
[BlackElo "2385"]
[Annotator "TA"]
[PlyCount "55"]
[EventDate "2024.11.26"]
[EventType "swiss"]
[EventCountry "ESP"]
[SourceTitle "playchess.com"]
[Source "ChessBase"]
[SourceQuality "1"]
[TimeControl "5400+30"]

1. e4 c5 2. Nf3 Nc6 3. d4 cxd4 4. Nxd4 Nf6 5. Nc3 e5 6. Ndb5 d6 7. Bg5 a6 8. Na3 b5 9. Bxf6 gxf6 10. Nd5 Bg7 11. c3 f5 12. exf5 Bxf5 13. Nc2 O-O 14. Nce3 Be6 15. g4 (15. Bd3 $14) 15... b4 $11 16. Bg2 bxc3 17. bxc3 Rc8 18. Qd3 {[%emt 0:02:21] [#]} e4 $1 19. Bxe4 (19. Qxe4 $2 Bxd5 20. Qxd5 (20. Nxd5 $2 Re8 $19) 20... Bxc3+ 21. Ke2 Nd4+ 22. Kd3 Rc5 $19) 19... Bxd5 (19... Ne5 $15 20. Qxa6 (20. Bxh7+ Kh8 $17) 20... Nxg4 (20... Bxg4 21. O-O $14) 21. Nxg4 f5 (21... Bxg4 22. O-O $11) (21... Qh4 22. h3 $17)) 20. Nxd5 ({But not} 20. Bxd5 Nb4 21. cxb4 Bxa1 $15) 20... Qg5 $2 (20... Qh4 $16) 21. Bxh7+ $18 Kh8 22. Bf5 {[%emt 0:00:30] aiming for Qh3+.} Rfe8+ 23. Kf1 Rcd8 $2 (23... Rb8 24. h4 (24. Qxa6 Nb4 $18) 24... Qd8) 24. h4 Qh6 25. g5 Qh5 26. Nf4 ({Weaker is} 26. Qxa6 Qf3 27. Rh3 Qxd5 $17 (27... Qxf5 28. Qd3 $17)) 26... Ne5 27. Nxh5 Nxd3 28. Nxg7 1-0

[Event "21st Open Gran Hotel Bali-A 2024"]
[Site "Benidorm"]
[Date "2024.11.30"]
[Round "2.16"]
[White "Trigo Urquijo, Sergio"]
[Black "Rey Malde, Henrique"]
[Result "1-0"]
[ECO "E49"]
[WhiteElo "2370"]
[BlackElo "2118"]
[Annotator "TA"]
[PlyCount "99"]
[EventDate "2024.11.26"]
[EventType "swiss"]
[EventCountry "ESP"]
[SourceTitle "playchess.com"]
[Source "ChessBase"]
[SourceQuality "1"]
[TimeControl "5400+30"]

1. d4 d5 2. c4 e6 3. Nc3 Bb4 4. e3 Nf6 5. a3 Bxc3+ 6. bxc3 O-O 7. Bd3 c5 8. Ne2 b6 9. cxd5 exd5 10. O-O Ba6 11. f3 Re8 12. Ng3 Bxd3 13. Qxd3 Nc6 14. Ra2 Qd7 15. Re2 cxd4 16. cxd4 Rad8 {[%emt 0:06:07] The position is equal.} 17. Bb2 h5 18. Rd1 g6 19. e4 h4 ({Black should play} 19... Rc8 $11) 20. Nh1 $14 Nh5 21. Qd2 {[%emt 0:01:01] Prevents Nf4} Na5 22. Qg5 Qe7 23. Bc1 (23. Qxe7 {simplifies} Rxe7 24. Nf2 Nc4 25. Bc1) 23... Nc4 24. a4 (24. Qg4 {looks sharper.} dxe4 25. Rxe4 Ne5 26. Qg5) 24... Qxg5 25. Bxg5 f6 26. Bxh4 Nf4 27. Ree1 g5 28. Bg3 Nb2 {[%emt 0:00:06] A dynamic duo of knights.} 29. Rd2 {[%emt 0:01:37] aiming for Bxf4.} Nxa4 30. Bxf4 gxf4 31. Nf2 b5 32. Ng4 Kg7 33. e5 fxe5 34. dxe5 {[%emt 0:00:06] Black must now prevent Nf6.} Re6 (34... d4 $11 {remains equal.}) 35. Nf6 $16 {[%emt 0:01:48] And now Nh5+ would win. White stays focused until the end.} Nb6 (35... Nc3 $16) 36. Nh5+ $18 Kh6 (36... Kg8 $142) 37. Nxf4 Re7 38. e6 b4 39. Ra1 d4 {[%emt 0:03:04][%cal Bd5d4,Bd4d3][%mdl 32] [#]} 40. Rb2 $1 a5 $2 (40... Rf8 {might work better.}) 41. Rxa5 d3 {[%emt 0:00:23] ...d2 is the strong threat.} 42. Rd2 (42. Rxb4 d2 43. Rb1 (43. Rxb6 $2 d1=Q+ 44. Kf2 Qd2+ 45. Kg3 Qxa5 $19) (43. Rh5+ Kg7 $15) 43... d1=R+ (43... d1=Q+ 44. Rxd1 Rxd1+ 45. Kf2 $15) 44. Rxd1 Rxd1+ 45. Kf2 Rd2+ 46. Kg3 Rd4 47. Rh5+ Kg7 $17) 42... Rd4 43. Rh5+ (43. Nxd3 Nc4 (43... Rxe6 44. Ra6 $16) 44. Ne5 Nxd2 $17) 43... Kg7 44. g3 (44. Rxd3 Rxf4 45. Rg5+ Kf6 $15) (44. Nxd3 Nc4 45. Rc2 Ne3 $11) 44... b3 45. Rb5 ({Less strong is} 45. Rxd3 Rb4 $18) ({Not} 45. Nxd3 Nc4 46. Rd1 Ne3 $11) 45... Nc4 46. Rxd3 Rxd3 47. Nxd3 Nd2 48. Kf2 Rxe6 49. Rb7+ Kf6 50. Nc5 {[%emt 0:00:16][%csl LRb3,LRe6] Weighted Error Value: White=0.08 (flawless) /Black=0.28 (precise) .  Mistake:       	---       	Black=5      Inaccurate:     	White=2     	Black=2      OK:         	White=16    	Black=14     Best:        	White=3     	Black=1} 1-0

[Event "21st Open Gran Hotel Bali-A 2024"]
[Site "Benidorm"]
[Date "2024.11.30"]
[Round "2.17"]
[White "Diez Fraile, David"]
[Black "Prado Lobo, Jonas"]
[Result "0-1"]
[ECO "A01"]
[WhiteElo "2115"]
[BlackElo "2360"]
[Annotator "TA"]
[PlyCount "62"]
[EventDate "2024.11.26"]
[EventType "swiss"]
[EventCountry "ESP"]
[SourceTitle "playchess.com"]
[Source "ChessBase"]
[SourceQuality "1"]
[TimeControl "5400+30"]

1. b3 d5 2. Bb2 Bf5 3. d3 e6 4. Nd2 Nf6 5. g3 h6 6. Bg2 Bh7 7. a3 Be7 8. e4 c5 9. Ne2 Nc6 10. O-O O-O 11. Nf4 d4 12. Nf3 Qc7 13. Qd2 Rfd8 14. Ne2 Rac8 15. c4 a6 16. Ne1 b5 {[%emt 0:01:46] Black is more active.} 17. cxb5 (17. Qc2 $17) 17... axb5 $19 18. Rc1 e5 19. f4 (19. Bh3 $17) 19... Na5 20. fxe5 (20. Qd1 $142 Ng4 21. Rf3) 20... Nxb3 21. Qf4 Nxc1 22. Bxc1 g5 23. exf6 (23. Qf2 {was worth a try.} Qxe5 24. Nf3) 23... gxf4 24. fxe7 Qxe7 25. Nxf4 c4 {[%emt 0:01:12] Threatens to win with ...cxd3.} 26. Nh5 cxd3 27. Nxd3 Rc6 {[%emt 0:04:39] Repels Nf6+} 28. Nb4 Rc5 29. Nd5 {[%emt 0:00:48] [#]} Rdxd5 $1 30. exd5 {[%emt 0:00:52] [#]} (30. Nf6+ Qxf6) 30... Rxc1 $1 31. Nf6+ Qxf6 0-1

[Event "21st Open Gran Hotel Bali-A 2024"]
[Site "Benidorm"]
[Date "2024.11.30"]
[Round "2.18"]
[White "Sedivy, Martin"]
[Black "Tan, Jun Ying"]
[Result "0-1"]
[ECO "B20"]
[WhiteElo "2113"]
[BlackElo "2357"]
[Annotator "TA"]
[PlyCount "160"]
[EventDate "2024.11.26"]
[EventType "swiss"]
[EventCountry "ESP"]
[SourceTitle "playchess.com"]
[Source "ChessBase"]
[SourceQuality "1"]
[TimeControl "5400+30"]

1. e4 c5 2. b3 g6 3. Bb2 Nf6 4. c4 Bg7 5. Nf3 O-O 6. d3 Nc6 7. Be2 d6 8. O-O Bg4 9. Ne1 Bd7 10. Nc2 a6 11. Ne3 b5 12. Nd2 Nxe4 13. Bxg7 Nxd2 14. Bxf8 Nxf1 15. Bh6 Nxe3 16. fxe3 e6 17. Qf1 Qh4 18. Bf4 e5 19. Bg3 Qg5 20. Qf2 Qf5 21. Bf3 Rf8 (21... Qxd3 $6 22. Rd1 Qf5 (22... Qc3 $2 23. Rxd6 Be8 24. Bxc6 $18) 23. Rxd6 $14) 22. Qd2 (22. Bh4 $11 {keeps the balance.}) 22... Ne7 ({Black should play} 22... Qg5 $17) 23. d4 cxd4 24. exd4 bxc4 25. dxe5 dxe5 26. Qd6 e4 27. Bxe4 Qxe4 28. Re1 Qf5 29. Rxe7 Be6 30. Qe5 (30. h3 $15) 30... Qxe5 (30... c3 {is interesting.} 31. Qxc3 Rc8 32. Qe3 Qf6) 31. Bxe5 cxb3 32. axb3 Bxb3 33. Ra7 Bc4 34. Bf6 h5 35. h4 Bb5 36. Kf2 Re8 37. Kg3 Re6 38. Ra8+ {[%emt 0:00:06] [#]} Be8 $1 39. Bd4 Kf8 40. Bc5+ Kg7 41. Ra7 Re4 42. Re7 ({Better is} 42. Rxa6 Rg4+ 43. Kh3) 42... Rg4+ 43. Kf2 Bc6 44. g3 Rc4 45. Bd6 Kf6 46. Ra7 Ra4 47. Ke3 Re4+ 48. Kd3 Re8 49. Bf4 Bb5+ 50. Kd4 Ke6 51. Ke4 Rd8 52. Bc7 Rd7 53. Bb8 Rd1 54. Bf4 f6 55. Bb8 Re1+ 56. Kd4 Kf5 57. Bd6 Re4+ 58. Kd5 Re3 59. Re7 Rd3+ 60. Kc5 Rc3+ 61. Kd4 Rd3+ 62. Kc5 Rf3 63. Kd4 Rf1 64. Ke3 (64. Bf4 $17) 64... Rd1 $19 65. Bb4 Kg4 66. Kf2 g5 67. hxg5 fxg5 68. Re4+ Kf5 69. Re1 Rd5 70. Ba5 Bc6 71. Bc7 a5 72. Rc1 Be8 73. Bb6 Kg4 74. Be3 (74. Bc7 {keeps fighting.}) 74... Rf5+ $19 75. Kg2 Bf7 76. Rd1 Bd5+ 77. Kh2 Be4 78. Bb6 Rb5 79. Bd4 $2 (79. Bc7) 79... Rd5 $19 80. Rd2 a4 0-1

[Event "21st Open Gran Hotel Bali-A 2024"]
[Site "Benidorm"]
[Date "2024.11.30"]
[Round "2.19"]
[White "Sanchez Barbado, Carlos"]
[Black "Kulkarni Bhakti"]
[Result "1/2-1/2"]
[ECO "C04"]
[WhiteElo "2098"]
[BlackElo "2345"]
[Annotator "TA"]
[PlyCount "134"]
[EventDate "2024.11.26"]
[EventType "swiss"]
[EventCountry "ESP"]
[SourceTitle "playchess.com"]
[Source "ChessBase"]
[SourceQuality "1"]
[TimeControl "5400+30"]

1. e4 e6 2. d4 d5 3. Nd2 Nc6 4. Ngf3 Nf6 5. e5 Nd7 6. Be2 f6 7. exf6 Qxf6 8. Nf1 Bd6 9. Ne3 O-O 10. O-O Kh8 11. h3 h6 12. Ng4 Qf7 13. c4 e5 14. cxd5 Qxd5 15. dxe5 Qxd1 16. Rxd1 Ndxe5 17. Ngxe5 Nxe5 18. Nd4 a6 19. Be3 Bd7 20. Nb3 Ba4 21. Rd5 Ng6 22. Rd4 {[%emt 0:13:35] Against Nf4} Bxb3 23. axb3 Bc5 24. Rd7 Bd6 $1 25. Bd4 {[%emt 0:00:26] This pair of bishops is nice.} Ne5 26. Bxe5 Bxe5 27. Rad1 b6 28. b4 c5 29. bxc5 bxc5 30. b3 a5 31. Bf3 Rab8 32. R1d3 Bd4 33. Ra7 Rfd8 34. Kf1 {[%emt 0:00:42] [#]} (34. Be2 $1 $11) 34... c4 $1 $36 {[%emt 0:00:29][%mdl 2560] Black is in control.} 35. Rxd4 Rxd4 36. bxc4 Rxc4 37. Rxa5 {[%emt 0:00:05][%mdl 4096] Endgame KRR-KRB} Rc1+ 38. Ke2 {[%emt 0:00:09] [#]} Rc2+ $1 39. Ke3 Rb3+ 40. Kf4 {[%emt 0:00:53] Ra8+ is the strong threat.} Rxf2 41. Kg3 Rfb2 42. Ra7 Kh7 43. Rc7 Kg6 $2 (43... h5 $19 44. Re7 Rd2) 44. Rc6+ $1 $11 Kf5 45. Rc5+ Kf6 46. Rc6+ Kf5 47. Rc5+ Kg6 48. Rc6+ $1 Kh7 (48... Kf7 $11) 49. Rc7 $19 Rd2 50. Ra7 Kg6 51. Ra6+ Kf5 52. Ra5+ Ke6 53. Kh4 Rd4+ 54. Kg3 g6 55. Ra6+ {[%emt 0:01:30] [#]} Rd6 $1 56. Ra8 h5 57. Re8+ Kf7 58. Re4 g5 59. Ra4 Kf6 60. Rc4 Rd2 $2 ({Better is} 60... Kg6 $19 {Hoping for ...h4+.} 61. Rc8 h4+ 62. Kh2 Re3) 61. Rc6+ $15 Ke7 62. Rg6 Rd5 63. Kh2 Rxf3 64. gxf3 Kf7 65. Rh6 Rd2+ 66. Kg1 h4 67. f4 gxf4 1/2-1/2

[Event "21st Open Gran Hotel Bali-A 2024"]
[Site "Benidorm"]
[Date "2024.11.30"]
[Round "2.20"]
[White "Turski, Bartlomiej"]
[Black "Lasinskas, Povilas"]
[Result "1-0"]
[ECO "C78"]
[WhiteElo "2345"]
[BlackElo "2112"]
[Annotator "TA"]
[PlyCount "71"]
[EventDate "2024.11.26"]
[EventType "swiss"]
[EventCountry "ESP"]
[SourceTitle "playchess.com"]
[Source "ChessBase"]
[SourceQuality "1"]
[TimeControl "5400+30"]

1. e4 e5 2. Nf3 Nc6 3. Bb5 a6 4. Ba4 Nf6 5. O-O b5 6. Bb3 Bc5 7. c3 d6 8. d4 Bb6 9. a4 Rb8 10. a5 Ba7 (10... Nxa5 11. Rxa5 Bxa5 12. dxe5 Nxe4 13. Qd5 $14) 11. h3 O-O 12. Be3 {[%emt 0:00:09] The position is equal.} exd4 (12... Nxe4 $6 13. Bd5 Nxa5 (13... exd4 14. Bxe4 dxe3 15. Bxc6 $16) 14. Bxe4 $18 (14. Rxa5 c6 $16)) 13. cxd4 h6 14. Nc3 Re8 15. Re1 b4 16. Nd5 Nxd5 17. Bxd5 (17. exd5 Ne7 $14) 17... Ne7 18. Bb3 Ng6 19. Qc2 Bb7 {[%emt 0:04:17] [#]} 20. e5 $36 {[%emt 0:01:22][%mdl 2560] White is on the roll.} Nf8 21. Rac1 {[%emt 0:04:14] White has more active pieces.} (21. Qf5 $142 Re7 22. Rad1) 21... Re7 (21... Bxf3 $16 22. Qf5 (22. gxf3 Re7 $16) 22... Re7) 22. Nh4 $18 {[%emt 0:02:53] Strongly threatening Nf5.} dxe5 23. Nf5 Rd7 24. dxe5 Bxe3 25. Rxe3 {[%emt 0:00:49] Threatens to win with Rg3.} (25. fxe3 $2 Rd2 26. Bxf7+ Kh8 $19 (26... Kxf7 27. Nd6+ cxd6 28. Qxd2 $17)) 25... Ne6 26. Rg3 Kh8 27. Qe2 {[%emt 0:02:18] Qe3 is the strong threat.} (27. Bxe6 $6 fxe6 28. Ne3 Qe7 $14) 27... Bd5 $2 {[%emt 0:04:54] A mistake that costs the game.} (27... Nf4 $16 28. Qg4 Qg5) 28. Ba4 (28. Qxa6 $2 Bxb3 29. Kh2 Bd5 30. Nxg7 Ra8 31. Nxe6 Rxa6 $19 (31... Bxe6 $2 32. Qb5 $19)) 28... c6 29. Qe3 ({Less strong is} 29. Qxa6 Ra8 30. Qe2 Rxa5 $16) (29. Bxc6 Rc7 $16) 29... f6 $2 (29... Ng5 30. Bxc6 Bxc6) 30. Bxc6 Rc7 31. Bxd5 {[%emt 0:00:58] Rxc7 would kill now.} Rxc1+ 32. Qxc1 Qxd5 {[%emt 0:00:07] [#]} 33. Rxg7 $3 Ng5 34. Qc7 Rg8 35. Rxg8+ (35. exf6 $142 Qe6 36. Nxh6 (36. Rxg8+ Qxg8 37. Ne7 Qe8 $18) 36... Qe1+ 37. Kh2 Nf3+ 38. Kg3 Qe5+ 39. Qxe5 Nxe5 40. Nxg8 (40. Rxg8+ Kh7 41. Ng4 Kxg8 42. Nxe5 Kf8 43. h4 Ke8 44. h5 Kd8)) 35... Qxg8 36. Kh2 {[%emt 0:00:55] Weighted Error Value: White=0.13 (very precise) /Black=0.55.  Loses game:     	---       	Black=1      Mistake:       	White=1     	Black=2      Inaccurate:     	White=1     	Black=3      OK:         	White=11    	Black=12     Best:        	White=2     	---} 1-0